 Dungeon Crawl Stone Soup version 0.21.0-26-g889b8f6 (webtiles) character file.

9592 nikopol the Cleaver (level 11, -1/67 HPs)
             Began as a Gargoyle Fighter on Jan 27, 2018.
             Was a High Priest of Okawaru.
             Slain by a six-headed hydra (9 damage)
             ... on level 1 of the Lair of Beasts.
             The game lasted 00:21:01 (8582 turns).

nikopol the Cleaver (Gargoyle Fighter)              Turns: 8582, Time: 00:21:02

Health: -1/67      AC: 13    Str: 23    XL:     11   Next: 48%
Magic:  9/11       EV: 13    Int:  8    God:    Okawaru [*****.]
Gold:   407        SH: 13    Dex: 10    Spells: 10/10 levels left

rFire    + + .     SeeInvis .   x - +4 war axe
rCold    . . .     Gourm    .   c - +0 shield
rNeg     + + .     Faith    .   b - +0 scale mail
rPois    ∞         Spirit   .   (no helmet)
rElec    +         Reflect  .   (no cloak)
rCorr    .         Harm     .   N - -7 pair of gloves of Gestures {rF++ rN+}
MR       .....                  j - +0 pair of boots
Stlth    ++........             (no amulet)
HPRegen  0.21/turn              (no ring)
MPRegen  0.12/turn              (no ring)

@: heroism
A: negative energy resistance 1, electricity resistance, unbreathing,
petrification resistance, rot immunity, AC +8
a: Heroism, Finesse, Renounce Religion


You were on level 1 of the Lair of Beasts.
You worshipped Okawaru.
Okawaru was extremely pleased with you.
You were not hungry.

You visited 3 branches of the dungeon, and saw 11 of its levels.

You collected 407 gold pieces.

Inventory:

Hand Weapons
 a - a +0 war axe
 x - a +4 war axe (weapon)
Missiles
 i - 6 tomahawks (quivered)
 n - 2 javelins
 C - 6 steel javelins
 M - 3 silver javelins
Armour
 b - a +0 scale mail (worn)
 c - a +0 shield (worn)
 j - a +0 pair of boots (worn)
 A - a +0 pair of gloves
 N - the -7 pair of gloves of Gestures (worn) {rF++ rN+}
   (Okawaru gifted it to you on level 1 of the Lair of Beasts)

   It greatly protects you from fire.
   It protects you from negative energy.
Wands
 B - a wand of flame (26)
 E - a wand of acid (21)
 O - a wand of disintegration (10)
Scrolls
 e - 4 scrolls of teleportation {unknown}
 h - 4 scrolls of enchant weapon {unknown}
 k - 7 scrolls of remove curse {unknown}
 s - 9 scrolls of identify {unknown}
 t - 3 scrolls of immolation {unknown}
 v - 2 scrolls of fog {unknown}
 w - 2 scrolls of blinking {unknown}
 y - a scroll of amnesia {unknown}
 F - 2 scrolls of magic mapping {unknown}
 G - a scroll of enchant armour {unknown}
 L - a scroll of fear {unknown}
Potions
 d - a potion of might
 g - a potion of invisibility {unknown}
 l - 3 potions of berserk rage {unknown}
 m - a potion of cancellation {unknown}
 o - a potion of resistance {unknown}
 p - 4 potions of curing {unknown}
 q - 3 potions of flight {unknown}
 r - a potion of lignification {unknown}
 u - 3 potions of haste {unknown}
 z - 2 potions of agility {unknown}
 D - 2 potions of brilliance {unknown}
 H - a potion of magic {unknown}
 J - a potion of degeneration {unknown}
Books
 I - the Collected Works on Quantum Snow
   (You found it on level 6 of the Dungeon)

   Spells                             Type                      Level
   a - Ensorcelled Hibernation        Hexes/Ice                    2
   b - Gell's Gravitas                Translocation                3
   c - Passage of Golubria            Translocation                4
   d - Metabolic Englaciation         Hexes/Ice                    5
   e - Simulacrum                     Ice/Necromancy               6
 K - a book of Air

   Spells                             Type                      Level
   a - Shock                          Conjuration/Air              1
   b - Swiftness                      Charms/Air                   2
   c - Static Discharge               Conjuration/Air              3
   d - Airstrike                      Air                          4
   e - Lightning Bolt                 Conjuration/Air              5
Comestibles
 f - 15 rations


   Skills:
 + Level 7.3(12.3) Fighting
 + Level 11.0(16.0) Axes
 + Level 4.2(9.2) Throwing
 + Level 7.3(12.3) Armour
 + Level 3.6(8.6) Dodging
 + Level 1.3(6.3) Stealth
 + Level 8.8(13.8) Shields
 + Level 0.4 Invocations


You had 10 spell levels left.
You didn't know any spells.

Dungeon Overview and Level Annotations

Branches:
Dungeon (9/15)             Temple (1/1) D:4            Lair (1/6) D:8
    Orc: D:9-12

Altars:
Ashenzari
Cheibriados
Dithmenos
Elyvilon
Fedhas
Gozag
Hepliaklqana
Kikubaaqudgha
Makhleb
Nemelex Xobeh
Okawaru
Qazlal
Ru
Sif Muna
Trog
Uskayaw
Vehumet
Wu Jian
Xom
Yredelemnul
Zin
The Shining One

Shops:
D:6 %


Innate Abilities, Weirdness & Mutations

You are resistant to torment.
Your stone body is resilient. (AC +8)
You are immune to poison.
You resist negative energy. (rN+)
You are resistant to electric shocks. (rElec)
You can survive without breathing.
You are immune to petrification.
You are immune to rotting.


Message History

You barely miss the four-headed hydra.
The four-headed hydra is lightly wounded.
You slice one of the four-headed hydra's heads off!
The three-headed hydra grows two more!
You slice the five-headed hydra!!
The five-headed hydra is moderately wounded.
The five-headed hydra bites you but does no damage.
The five-headed hydra bites you! The five-headed hydra bites you.
The five-headed hydra bites you! The five-headed hydra bites you.
* * * LOW HITPOINT WARNING * * *
You slice one of the five-headed hydra's heads off!
The four-headed hydra grows two more!
You hit the six-headed hydra.
The six-headed hydra is lightly wounded.
The six-headed hydra bites you.
* * * LOW HITPOINT WARNING * * *
The six-headed hydra bites you!
* * * LOW HITPOINT WARNING * * *
The six-headed hydra bites you but does no damage.
You block the six-headed hydra's attack.
The six-headed hydra barely misses you. The six-headed hydra bites you!
You die...

.............⌠.........##
.........#..............#
...........⌠...⌠.#......#######.
#......###.......#..............
######## #...⌠...#.......####
#.......#..###### ....##.....##
## ##.....### #@..⌠...##
#D.#..#..# ##..#+##..##
##..#.......### ##.............#
##..............##
#..........†.....#
#..#..............##
....##..[............#


You could see a six-headed hydra.

Vanquished Creatures
  Erica (D:9)
  A two-headed ogre (D:9)
  The ghost of resurtm the Destroyer, a novice DEFE of Sif Muna (D:8)
  Joseph (Lair:1)
  A spiny frog (Lair:1)
  14 yaks (Lair:1)
  A spriggan (D:7)
  2 water moccasins (Lair:1)
  Duvessa (D:7)
  6 porcupines
  3 black bears
  3 ice beasts
  2 orc warriors
  2 phantoms
  A sky beast (D:6)
  5 ogres
  2 wolves
  6 crocodiles
  A big kobold (D:9)
  4 bullfrogs
  Dowan (D:7)
  3 scorpions
  7 wights
  An electric eel (Lair:1)
  4 howler monkeys
  2 bullfrog zombies
  A quasit (D:6)
  5 hounds
  7 orc wizards
  A bullfrog skeleton (D:9)
  4 orc priests
  A jelly (D:9)
  A centaur skeleton (D:5)
  An iguana (D:8)
  8 worker ants
  A hound skeleton (D:6)
  3 gnolls (D:6)
  14 adders
  A howler monkey skeleton (D:6)
  2 adder skeletons
  An adder zombie (D:9)
  4 worms
  A dart slug (D:3)
  3 leopard geckos
  37 orcs
  2 ball pythons (D:3)
  7 giant cockroaches
  12 goblins
  6 hobgoblins
  14 jackals
  6 kobolds
  2 quokkas
  7 bats
  7 frilled lizards
  A quokka skeleton (D:9)
  A quokka zombie (D:6)
  6 rats
243 creatures vanquished.

Vanquished Creatures (others)
  An orc priest (D:9)
  An orc (D:9)
  3 fungi (D:8)
  A plant (D:8)
6 creatures vanquished.

Grand Total: 249 creatures vanquished

Notes
Turn   | Place    | Note
-------+----------+-------------------------------------------
     0 | D:1      | nikopol the Gargoyle Fighter began the quest for the Orb.
     0 | D:1      | Reached XP level 1. HP: 14/14 MP: 1/1
   163 | D:1      | Reached XP level 2. HP: 14/19 MP: 2/2
   380 | D:1      | You fall through a shaft!
   762 | D:1      | Reached skill level 2 in Axes
   884 | D:2      | Reached XP level 3. HP: 23/23 MP: 3/3
  1474 | D:3      | Reached XP level 4. HP: 21/28 MP: 4/4
  1813 | D:3      | Reached skill level 3 in Axes
  1922 | D:3      | Reached XP level 5. HP: 32/33 MP: 5/5
  2025 | D:4      | Found a staircase to the Ecumenical Temple.
  2034 | Temple   | Entered the Ecumenical Temple
  2118 | Temple   | Became a worshipper of Warmaster Okawaru
  2307 | D:4      | Reached skill level 4 in Axes
  2307 | D:4      | Reached skill level 1 in Dodging
  2307 | D:4      | Reached XP level 6. HP: 32/38 MP: 6/6
  2377 | D:4      | Reached * piety under Okawaru
  2718 | D:5      | Entered Level 5 of the Dungeon
  2749 | D:5      | Reached XP level 7. HP: 37/43 MP: 7/7
  2865 | D:5      | Reached skill level 5 in Axes
  3353 | D:5      | Reached ** piety under Okawaru
  3587 | D:6      | Found Zujor's Food Shop.
  3655 | D:6      | Reached XP level 8. HP: 48/48 MP: 8/8
  3698 | D:6      | Reached skill level 6 in Axes
  3698 | D:6      | Reached skill level 5 in Shields
  3699 | D:6      | Identified the Collected Works on Quantum Snow
  3849 | D:6      | Found an ancient bone altar of Kikubaaqudgha.
  3957 | D:6      | Reached skill level 5 in Fighting
  4013 | D:6      | Reached skill level 7 in Axes
  4229 | D:7      | Noticed Duvessa
  4233 | D:7      | Noticed Dowan
  4241 | D:7      | Killed Duvessa
  4241 | D:7      | Reached *** piety under Okawaru
  4243 | D:7      | Killed Dowan
  4308 | D:7      | Noticed a spriggan baker
  4317 | D:7      | Killed a spriggan baker
  4317 | D:7      | Reached XP level 9. HP: 45/54 MP: 6/9
  4339 | D:7      | Reached skill level 1 in Throwing
  4351 | D:7      | Reached skill level 5 in Armour
  4691 | D:7      | Reached skill level 8 in Axes
  5216 | D:7      | Reached **** piety under Okawaru
  5446 | D:8      | Found a staircase to the Lair.
  5747 | D:8      | Noticed resurtm's ghost (novice DEFE)
  5768 | D:8      | Reached XP level 10. HP: 45/60 MP: 8/10
  5771 | D:8      | Killed resurtm's ghost
  5771 | D:8      | Reached skill level 9 in Axes
  5914 | D:8      | Reached ***** piety under Okawaru
  6323 | D:8      | Received a gift from Okawaru
  6593 | D:9      | Noticed a two-headed ogre
  6665 | D:9      | Found an ancient bone altar of Kikubaaqudgha.
  6736 | D:9      | Noticed Erica
  6777 | D:9      | Killed Erica
  6777 | D:9      | Reached skill level 10 in Axes
  6992 | D:9      | Reached skill level 1 in Stealth
  7320 | D:9      | Killed a two-headed ogre
  7320 | D:9      | Received a gift from Okawaru
  7560 | D:9      | Reached XP level 11. HP: 66/66 MP: 11/11
  7615 | Lair:1   | Entered Level 1 of the Lair of Beasts
  7826 | Lair:1   | Received a gift from Okawaru
  7847 | Lair:1   | Got a pair of encrusted gloves {god gift}
  7858 | Lair:1   | Identified the -7 pair of gloves of Gestures {rF++ rN+} (Okawaru gifted it to you on level 1 of the Lair of Beasts)
  8035 | Lair:1   | Noticed Joseph
  8053 | Lair:1   | Killed Joseph
  8537 | Lair:1   | Reached skill level 11 in Axes
  8568 | Lair:1   | Noticed a four-headed hydra
  8582 | Lair:1   | Slain by a six-headed hydra

Skill      XL: |  1  2  3  4  5  6  7  8  9 10 11 |
---------------+----------------------------------+-----
Axes           | 2 3 4 5 7 8 10 11 | 11.0
Shields        | 4 6 7 8 |  8.8
Armour         | 4 5 6 7 |  7.3
Fighting       | 4 5 6 7 |  7.3
Dodging        | 1 2 3 |  3.6
Throwing       | 2 4 |  4.2
Stealth        | 1 |  1.3
Invocations    | |  0.4

Action                   |  1- 3 |  4- 6 |  7- 9 | 10-12 || total
-------------------------+-------+-------+-------+-------++-------
Melee: War axe           |   140 |   183 |   277 |   265 ||   865
Throw: Tomahawk          |     2 |       |    19 |    44 ||    65
       Javelin           |     1 |       |       |       ||     1
Invok: Heroism           |       |       |     2 |     4 ||     6
  Eat: Chunk             |     2 |     5 |    10 |     9 ||    26
Armor: Scale mail        |    95 |    94 |   164 |    72 ||   425
Dodge: Dodged            |    53 |    59 |    92 |    82 ||   286
Block: Shield            |    96 |    89 |   176 |   113 ||   474
